Map: [ESL] NeoHumanity

Players

Cham

  • Race: Zerg Zerg
  • Spawn Location: 11:00

SpeCial - Winner!

  • Race: Terran Terran
  • Spawn Location: 5:00

Event: ESL SC2 Masters 2023 Summer (Regionals)

VOD

Have the link to the VOD?

Description

Time

  • Played on: May 18, 2023, 3:06 p.m.
  • Length: 13:23

All games in this series

Show
View Real Time Build Order
Export as new Build Order

Cham Zerg 

Build Orders: Hatch First, Brood Lord Corruptor 

Get SALT Encoding   

  12  0:00  Drone  
  13  0:12  Overlord  
  13  0:16  Drone  
  14  0:30  Drone x2  
  16  0:47  Hatchery  
  15  0:50  Drone  
  15  0:54  Drone  
  17  0:57  Drone  
  18  1:10  Spawning Pool  
  17  1:13  Extractor  
  17  1:15  Drone  
  17  1:18  Drone  
  18  1:28  Drone  
  19  1:39  Drone  
  20  1:49  Drone  
  21  1:59  Queen x2  
  21  2:00  Zergling x4  
  27  2:11  Drone  
  27  2:12  Overlord  
  28  2:25  Hatchery  
  28  2:29  Drone  
  28  2:34  Drone x2  
  30  2:38  Queen  
  30  2:42  Overlord  
  32  2:46  Drone  
  32  2:49  Drone  
  34  2:52  Metabolic Boost  
  34  3:01  Drone x2  
  34  3:04  Drone  
  37  3:08  Drone x2  
  37  3:09  Drone x2  
  41  3:20  Drone x2  
  43  3:27  Overlord  
  43  3:36  Queen x2  
  43  3:39  Queen  
  43  3:40  Overlord  
  48  3:41  Zergling x2  
  48  3:46  Overlord  
  49  3:50  Zergling x12  
  49  3:55  Zergling x4  
  57  3:57  Overlord  
  57  4:04  Zergling x2  
  57  4:05  Zergling x2  
  57  4:07  Overlord  
  59  4:18  Zergling x6  
  59  4:21  Zergling x2  
  60  4:27  Overlord  
  60  4:28  Drone x3  
  57  4:32  Drone x2  
  59  4:38  Drone  
  56  4:48  Drone x5  
  56  4:49  Drone  
  58  4:57  Drone x5  
  62  5:02  Drone  
  62  5:04  Drone  
  57  5:09  Drone  
  57  5:12  Drone  
  57  5:14  Drone  
  56  5:16  Drone  
  56  5:19  Drone x2  
  59  5:21  Drone  
  59  5:24  Drone x2  
  59  5:28  Roach Warren  
  61  5:30  Drone  
  61  5:32  Drone  
  63  5:36  Drone x3  
  63  5:37  Drone  
  63  5:41  Drone  
  63  5:42  Extractor  
  67  5:47  Drone x2  
  63  6:06  Drone x9  
  63  6:08  Lair  
  63  6:10  Extractor  
  69  6:11  Overlord  
  69  6:13  Spore Crawler x2  
  69  6:17  Drone x2, Spore Crawler  
  69  6:18  Drone x3  
  71  6:19  Drone  
  71  6:23  Extractor  
  71  6:24  Drone, Extractor  
  71  6:29  Drone  
  71  6:31  Overlord, Drone  
  72  6:40  Roach x3  
  72  6:46  Roach x2  
  72  6:47  Roach  
  84  6:51  Overlord, Drone  
  84  6:52  Drone x2  
  87  6:55  Overlord  
  87  6:57  Drone  
  87  7:00  Hatchery  
  87  7:05  Drone x2  
  87  7:06  Drone x2, Ravager x2, Extractor  
  87  7:07  Ravager  
  93  7:09  Roach x3  
  93  7:15  Roach x2  
  103  7:29  Roach  
  109  7:30  Roach x3  
  109  7:34  Drone x6  
  109  7:36  Infestation Pit  
  116  7:37  Drone x2  
  116  7:39  Evolution Chamber x2, Roach x2  
  116  7:43  Roach  
  116  7:44  Overlord  
  119  7:51  Overlord  
  119  7:52  Drone x2  
  119  7:58  Drone  
  122  7:59  Overlord x3  
  122  8:01  Unknown  
  122  8:02  Overlord x2  
  122  8:05  Zerg Missile Weapons Level 1  
  121  8:07  Zerg Ground Armor Level 1  
  121  8:13  Ravager, Infestor x2  
  121  8:16  Hive  
  121  8:19  Roach x2  
  130  8:22  Roach x2  
  134  8:28  Spire  
  134  8:31  Roach x3  
  139  8:36  Roach x3  
  145  8:43  Overlord  
  145  8:44  Roach  
  145  8:45  Roach x3  
  145  8:47  Overlord x2  
  153  8:55  Overlord  
  153  8:59  Overlord, Ravager x2  
  155  9:09  Hatchery  
  152  9:13  Roach x9  
  152  9:16  Drone x2  
  172  9:30  Roach x2  
  172  9:31  Roach x6  
  184  9:32  Roach  
  184  9:33  Ravager  
  184  9:34  Ravager  
  184  9:35  Overlord  
  192  9:39  Glial Reconstitution  
  192  9:42  Roach  
  192  9:43  Roach x4  
  180  9:58  Greater Spire  
  175  10:01  Drone x3  
  175  10:02  Drone x2  
  175  10:03  Drone  
  175  10:06  Corruptor x2  
  175  10:07  Corruptor  
  181  10:12  Corruptor  
  189  10:16  Corruptor  
  189  10:17  Corruptor  
  189  10:20  Corruptor  
  195  10:26  Corruptor  
  195  10:27  Corruptor  
  199  10:33  Ravager  
  131  11:12  Brood Lord x6  
  144  11:20  Roach x6  
  144  11:21  Zergling x28  
  168  11:30  Corruptor  
  168  11:31  Roach  
  156  11:35  Roach x2  
  135  11:40  Roach  
  135  11:43  Infestor x2  
  135  11:44  Hatchery  
  135  11:46  Drone x3  
  138  11:57  Ravager  
  138  11:58  Ravager  
  131  12:12  Corruptor x3  
  131  12:13  Queen x2  
  131  12:14  Queen  
  141  12:22  Drone x4  
  140  12:31  Drone  
  143  12:37  Drone x2  
  143  12:39  Drone  
  143  12:41  Drone  
  143  12:43  Drone  
  147  12:50  Ravager  
  147  12:51  Corruptor  
Show
View Real Time Build Order
Export as new Build Order

SpeCial Terran - Winner!

Build Orders: Liberator Opening 

Get SALT Encoding   

  12  0:00  SCV  
  13  0:12  SCV  
  14  0:18  Supply Depot  
  14  0:24  SCV  
  15  0:39  SCV  
  15  0:41  Barracks  
  16  0:44  Refinery  
  16  0:51  SCV  
  16  0:53  Refinery  
  17  1:03  SCV  
  18  1:16  SCV  
  19  1:29  Reaper, Orbital Command  
  19  1:30  Supply Depot  
  20  1:46  Factory  
  20  1:55  SCV  
  20  2:01  Reaper  
  22  2:07  SCV  
  23  2:19  SCV  
  23  2:22  Command Center  
  24  2:30  Hellion  
  24  2:33  Reaper  
  27  2:38  Starport  
  27  2:39  SCV  
  28  2:51  SCV  
  28  2:53  Hellion  
  28  2:55  Supply Depot  
  31  3:08  Barracks Reactor  
  31  3:16  SCV  
  31  3:17  Hellion  
  31  3:18  Liberator  
  37  3:28  SCV  
  38  3:36  Orbital Command  
  38  3:41  SCV  
  39  3:50  Hellion  
  39  3:51  Hellion  
  39  3:55  SCV  
  44  3:57  Barracks Tech Lab  
  44  4:02  SCV  
  45  4:03  Liberator  
  45  4:07  SCV  
  49  4:14  SCV  
  48  4:17  Hellion x2  
  48  4:19  SCV, Marine  
  48  4:22  Supply Depot  
  54  4:34  Command Center  
  54  4:44  SCV x2, Marine  
  55  4:47  Hellion  
  55  4:48  Hellion  
  51  4:54  Stimpack  
  51  4:56  SCV x2  
  52  5:02  Marine  
  50  5:09  Hellion x2  
  50  5:12  SCV  
  53  5:19  Marine  
  53  5:20  SCV  
  55  5:21  Barracks  
  55  5:24  SCV  
  53  5:32  SCV, Starport Reactor  
  54  5:36  SCV, Barracks  
  54  5:37  Marine  
  54  5:40  Factory Reactor  
  54  5:41  Engineering Bay  
  56  5:44  SCV, Engineering Bay  
  56  5:47  Orbital Command  
  56  5:48  SCV  
  58  5:50  Refinery  
  58  5:55  Marine  
  58  5:56  SCV  
  60  6:00  SCV  
  61  6:07  Orbital Command  
  61  6:08  SCV, Terran Infantry Weapons Level 1  
  61  6:10  Terran Infantry Armor Level 1  
  54  6:12  SCV  
  54  6:13  Marine  
  54  6:15  Refinery  
  56  6:20  SCV  
  56  6:24  Medivac x2  
  56  6:25  SCV, Marine x4  
  66  6:27  Factory Tech Lab  
  66  6:31  Marine  
  66  6:32  SCV  
  68  6:37  SCV  
  69  6:42  Marine  
  69  6:43  Marine x3  
  69  6:44  SCV x2  
  69  6:46  Combat Shield  
  75  6:48  Marine  
  75  6:49  SCV, Barracks x2  
  75  6:53  Supply Depot  
  77  7:03  Supply Depot  
  77  7:11  Supply Depot  
  77  7:13  Supply Depot  
  77  7:14  Marine x3  
  77  7:15  SCV x2, Supply Depot, Siege Tank  
  85  7:23  SCV  
  85  7:24  Marine x2, Medivac x2  
  85  7:27  SCV x2  
  93  7:32  Marine x3  
  93  7:35  SCV  
  97  7:38  Supply Depot  
  97  7:39  SCV x2, Supply Depot  
  97  7:42  Marine x2  
  97  7:43  Barracks Reactor x2  
  101  7:44  Supply Depot  
  101  7:47  SCV  
  101  7:50  Marine x2  
  101  7:51  Marauder, SCV  
  101  7:52  SCV  
  101  7:54  Medivac x2  
  101  7:55  Siege Tank  
  109  7:59  SCV  
  109  8:00  Refinery, Marine x2  
  109  8:03  SCV  
  113  8:08  Marine x2  
  113  8:09  Armory  
  113  8:11  Supply Depot  
  113  8:12  Supply Depot, Marauder  
  117  8:13  Supply Depot  
  117  8:18  Marine x2  
  117  8:19  Supply Depot  
  119  8:21  SCV  
  119  8:22  SCV x2  
  119  8:24  Liberator  
  119  8:26  Liberator, Marine x2  
  127  8:30  Marine x2  
  127  8:34  Marauder, Siege Tank  
  137  8:36  Marine x2  
  137  8:38  Marine  
  140  8:46  Supply Depot  
  140  8:48  Command Center  
  140  8:51  Refinery, Marine  
  140  8:53  Marine x2  
  140  8:54  Marine  
  140  8:55  Marauder, Marine, Sensor Tower  
  147  8:57  Supply Depot  
  147  9:01  Terran Infantry Weapons Level 2  
  147  9:05  Terran Infantry Armor Level 2  
  147  9:06  Siege Tank  
  147  9:07  Marine  
  147  9:09  Supply Depot  
  149  9:13  Marine x4  
  149  9:15  Marine  
  149  9:16  Marauder  
  155  9:20  Terran Vehicle Weapons Level 1  
  154  9:26  Factory  
  154  9:31  SCV x2  
  154  9:32  SCV  
  154  9:33  Supply Depot  
  154  9:37  Missile Turret, Medivac x2  
  161  9:42  Marine  
  161  9:43  Marauder, SCV  
  161  9:44  Marine x2  
  165  9:47  Marine x3  
  165  9:50  Marine x2  
  160  10:00  Marine  
  160  10:01  SCV  
  160  10:02  Marine x2  
  160  10:03  SCV  
  160  10:04  Marauder  
  160  10:05  Marine  
  168  10:12  Marine x4  
  168  10:13  SCV x2  
  171  10:15  SCV  
  171  10:17  Planetary Fortress, Factory Tech Lab  
  171  10:18  Marine  
  171  10:19  Marine  
  174  10:23  Liberator x2  
  174  10:26  Marauder  
  174  10:28  Marine x2  
  183  10:29  Marine x2  
  183  10:30  Marine x2  
  188  10:36  Marine  
  185  10:43  Barracks  
  185  10:44  Marine  
  185  10:45  Barracks  
  185  10:46  Marine  
  185  10:47  Marauder, Marine  
  186  10:57  Marine x2  
  186  11:00  Siege Tank x2  
  191  11:08  Marauder  
  186  11:12  Unknown  
  186  11:13  Command Center  
  186  11:14  Marine  
  187  11:18  Viking x2  
  187  11:19  Marine x3  
  187  11:20  Marine x4  
  187  11:23  Ghost Academy  
  194  11:30  Marauder  
  194  11:31  Marine  
  175  11:34  Thor  
  175  11:37  Marine x4  
  175  11:38  Marine x2  
  170  11:41  Marine  
  160  11:49  Marine  
  160  11:51  Marauder, Marine x2  
  160  11:52  Viking x2  
  160  11:53  Starport  
  169  11:55  Starport, Marine x4  
  169  11:56  Marine x2  
  169  11:59  Marine  
  169  12:00  Sensor Tower, Thor  
  182  12:07  Marine  
  179  12:09  Marine x2  
  179  12:12  Marauder  
  179  12:13  Marine x4  
  179  12:14  Marine  
  186  12:16  Marine  
  186  12:17  Marine  
  186  12:22  Viking x2  
  190  12:25  Marine  
  190  12:26  Marine  
  190  12:27  Marine  
  193  12:30  Marine  
  193  12:31  Marine x4  
  193  12:33  Marine x2  
  196  12:48  Starport Reactor  
  196  12:49  Starport Reactor  
  194  12:52  Viking  
  198  13:01  Marine  
  198  13:02  Marine  
Tags
 
Add a new tag
Caveats
  • Supply blocks, unpowered buildings, or Contaminate may cause inaccurate times.
  • Supply counts are checked every 10 seconds.